 Dungeon Crawl Stone Soup version 0.31-a0-1612-g4aaf141004 (webtiles) character file.

Game seed: 13336527141881243738

968 Xavori the Trooper (level 8, -3/58 HPs)
             Began as a Djinni Chaos Knight on Jan 10, 2024.
             Was a Plaything of Xom.
             Slain by an ogre
             ... wielding a +0 giant spiked club
              (26 damage)
             ... on level 5 of the Dungeon.
             The game lasted 00:04:33 (15988 turns).

Xavori the Trooper (Djinni Chaos Knight)           Turns: 15988, Time: 00:04:34

Health: -3/58      AC: 10    Str: 10      XL:     8   Next: 38%
Gold:   95         EV: 14    Int: 12 (13) God:    Xom [....*.] SH:  0 Dex: 23 (24)

rFire   + + .        a - +0 falchion (chaos)
rCold   x . .        (no shield)
rNeg    . . .        b - +2 leather armour
rPois   ∞            (helmet restricted)
rElec   .            (no cloak)
rCorr   .            u - +2 pair of gloves {Dex+3}
SInv    .            (boots unavailable)
Will    .....        (no amulet)
Stlth   +++          (no ring)
HPRegen 0.29/turn    (no ring)
MPRegen 0.00/turn

%: random rage (3%), infuse magic (-4 HP)
@: flying
A: sickness immunity, fire resistance 2, cold vulnerability 1, float, innate
caster, HP casting, extra vitality 1, antennae 1, iridescent scales 1, thin
skeletal structure 1, agile 1, berserk 1, deterioration 1, no potion heal 1,
MP-powered wands
a: Renounce Religion


You were on level 5 of the Dungeon.
You worshipped Xom.
You were a beloved toy of Xom.
You visited 1 branch of the dungeon, and saw 6 of its levels.

You collected 353 gold pieces.
You spent 258 gold pieces at shops.

Inventory:

Hand Weapons
 a - a +0 falchion of chaos (weapon)
Missiles
 m - a throwing net (quivered)
Armour
 b - a +2 leather armour (worn)
 u - a +2 pair of gloves of dexterity (worn)
Jewellery
 t - a ring of resist corrosion
Wands
 k - a wand of flame (13)
 v - a wand of mindburst (9)
Scrolls
 c - a scroll of butterflies
 d - 2 scrolls of fear
 g - 2 scrolls of amnesia
 h - 2 scrolls of fog
 l - a scroll of blinking
Potions
 e - a potion of attraction {unknown}
 i - a potion of enlightenment {unknown}
 j - 3 potions of heal wounds {unknown}
 n - a potion of cancellation {unknown}
 o - a potion of lignification {unknown}
 q - a potion of magic {unknown}
 r - a potion of brilliance {unknown}
 s - a potion of degeneration {unknown}


   Skills:
 + Level 4.7 Fighting
 + Level 4.2 Long Blades
 + Level 3.6 Armour
 + Level 4.5 Dodging
 * Level 4.0 Spellcasting
 * Level 4.0 Conjurations
 * Level 4.0 Hexes
   Level 0.0 Charms
 * Level 4.0 Summonings
 * Level 4.0 Necromancy
 * Level 4.0 Translocations
   Level 0.0 Transmutations
 * Level 4.0 Fire Magic
 * Level 4.0 Ice Magic
 * Level 4.0 Air Magic
 * Level 4.0 Earth Magic
 * Level 4.0 Alchemy


You knew the following spells:

 Your Spells              Type           Power      Damage    Failure   Level
a - Summon Small Mammal   Summ           48%        N/A       5%          1
b - Mercury Vapours       Alch/Air       24%        N/A       9%          2
c - Call Canine Familiar  Summ           12%        N/A       17%         3
Your spell library was empty.

Dungeon Overview and Level Annotations

Branches:
Dungeon (6/15)
 Temple: D:4-7

Altars:
Fedhas
Hepliaklqana
Xom
Yredelemnul
The Shining One

Shops:
D:5 [[=

Portals:
Abyss: D:5

Annotations:
D:5 2 transporters, Larett's ghost, amateur MiBe


Innate Abilities, Weirdness & Mutations

You are immune to sickness and miasma.
You are immune to poison.
Your flesh is very heat resistant. (rF++)
You are vulnerable to cold. (rC-)
You float through the air rather than walking.
You learn spells naturally, not from books.
Your magical power is your life essence.
You have superior vitality. (+4 MHP)
You have a pair of small antennae on your head.
You are partially covered in iridescent scales. (AC +2)
You have a somewhat thin skeletal structure. (Dex +2, Stealth+)
You are agile. (Dex +4, Str/Int -1)
You sometimes lose your temper in combat.
Your body sometimes deteriorates upon taking damage.
Potions are less effective at restoring your health.
You expend health (3 HP) to strengthen your wands.


Message History

The orc wizard is almost dead.
The orc priest hits you but does no damage.
The orc wizard hits you but does no damage.
The orc closely misses you. The orc completely misses you.
Unknown command.
You slash the orc wizard!
You kill the orc wizard!
The ogre hits you with a +0 giant spiked club!
Your body deteriorates!
You feel clumsy. The orc priest closely misses you.
The orc barely misses you. x2
Your Spellcasting skill increases to level 4!
Your Conjurations skill increases to level 4!
Your Hexes skill increases to level 4!
Your Summonings skill increases to level 4!
Your Necromancy skill increases to level 4!
Your Translocations skill increases to level 4!
Your Fire Magic skill increases to level 4!
Your Ice Magic skill increases to level 4!
Your Air Magic skill increases to level 4!
Your Earth Magic skill increases to level 4!
Your Alchemy skill increases to level 4!
You are too injured to fight recklessly!
Unknown command.
You are too injured to fight recklessly!
Unknown command.
Unknown command.
You hit the orc priest but do no damage.
The orc priest seems to grow stronger.
The orc priest invokes the aid of Beogh against you.
Pain shoots through your body! The orc barely misses you. x2
The ogre closely misses you.
You hit the orc priest.
The orc priest is poisoned.
The orc priest is lightly wounded.
The orc priest hits you but does no damage.
The orc hits you with a +0 short sword. The orc closely misses you.
You hit the orc priest but do no damage.
The orc priest is lightly wounded.
The ogre hits you with a +0 giant spiked club!!
You die...
Xom titters!

#........##...##..........#
.....................###..#
.....................#∩)..#
.....................###..#
#.............##.........##
#...#.#..................#
#.)...#..#.....#...##..###
.....##..#.....#...##..#
#...###.##.....o@).##..#######
##..###.###....oOo.##........#
.#...##..............#.#####.#
##.....................# #.#
#......................# #.#
#...######.......#.#.### #.#
##..### #..#....#.....## #.#
∩#....####.>#........P..####.#
##..#.............PPPPP......#


You could see an ogre, an orc priest (strong, very poisoned) and 2 orcs.

Vanquished Creatures
  Eustachio (D:5)
  A water moccasin (D:5)
  2 ice beasts (D:5)
  A black bear (D:4)
  A phantom (D:5)
  A bombardier beetle (D:2)
  2 hounds (D:5)
  An orc priest (D:4)
  A sleepcap (D:5)
  4 orc wizards
  A gnoll (D:1)
  An adder (D:5)
  A ribbon worm (D:3)
  2 dart slugs
  11 orcs
  3 ball pythons
  3 endoplasms
  2 giant cockroaches
  7 goblins
  6 hobgoblins
  5 kobolds
  5 quokkas
  3 bats
  2 frilled lizards
  2 rats
69 creatures vanquished.

Vanquished Creatures (collateral kills)
  A hound (D:5)
  A bat (D:1)
2 creatures vanquished.

Vanquished Creatures (others)
  A goblin (D:2)
  A rat zombie (D:1)
2 creatures vanquished.

Grand Total: 73 creatures vanquished

Notes
Turn   | Place    | Note
-------+----------+-------------------------------------------
     0 | D:1      | Xavori the Djinni Chaos Knight began the quest for the Orb.
     0 | D:1      | Reached XP level 1. HP: 20/20 MP: 0/0
    85 | D:1      | Found a faded altar of an unknown god.
   121 | D:1      | Reached XP level 2. HP: 25/25 MP: 0/0
   218 | D:1      | XOM: cloud trail
   263 | D:1      | Reached skill level 1 in Spellcasting
   263 | D:1      | Reached skill level 1 in Conjurations
   263 | D:1      | Reached skill level 1 in Hexes
   263 | D:1      | Reached skill level 1 in Summonings
   263 | D:1      | Reached skill level 1 in Necromancy
   263 | D:1      | Reached skill level 1 in Translocations
   263 | D:1      | Reached skill level 1 in Fire Magic
   263 | D:1      | Reached skill level 1 in Ice Magic
   263 | D:1      | Reached skill level 1 in Air Magic
   263 | D:1      | Reached skill level 1 in Earth Magic
   263 | D:1      | Reached skill level 1 in Alchemy
   263 | D:1      | Reached XP level 3. HP: 19/30 MP: 0/0
   263 | D:1      | Learned a level 1 spell: Summon Small Mammal
   512 | D:2      | XOM: destruction
  1131 | D:1      | XOM: give mutations
  1131 | D:1      | Gained mutation: You are strong-willed. (Will+) [Xom's
                  | grace]
  1131 | D:1      | Gained mutation: You are somewhat resistant to further
                  | mutation. [Xom's grace]
  1411 | D:1      | XOM: give mutations
  1411 | D:1      | Lost mutation: You are somewhat resistant to further
                  | mutation. [Xom's grace]
  1411 | D:1      | Gained mutation: You have hidden genetic potential. [Xom's
                  | grace]
  1411 | D:1      | Gained mutation: You expend health (3 HP) to strengthen
                  | your wands. [Xom's grace]
  1411 | D:1      | Gained mutation: You have supernaturally acute eyesight.
                  | (SInv) [Xom's grace]
  1411 | D:1      | Gained mutation: You are agile. (Dex +4, Str/Int -1) [Xom's
                  | grace]
  1675 | D:1      | XOM is BORED!
  1675 | D:1      | XOM: give mutations
  1675 | D:1      | Gained mutation: Your body sometimes deteriorates upon
                  | taking damage. [Xom's mischief]
  1675 | D:1      | Gained mutation: Your muscles are strong. (Str +4, Int/Dex
                  | -1) [Xom's mischief]
  2224 | D:1      | XOM: give mutations
  2224 | D:1      | Gained mutation: You occasionally lose the ability to read
                  | scrolls when taking damage. [Xom's mischief]
  2224 | D:1      | Lost mutation: You are strong-willed. (Will+) [Xom's
                  | mischief]
  3122 | D:1      | XOM: give mutations
  3122 | D:1      | Gained mutation: You are strong-willed. (Will+) [Xom's
                  | mischief]
  3122 | D:1      | Lost mutation: You occasionally lose the ability to read
                  | scrolls when taking damage. [Xom's mischief]
  3152 | D:1      | XOM: give mutations
  3152 | D:1      | Gained mutation: Your mind is acute. (Int +4, Str/Dex -1)
                  | [Xom's mischief]
  3152 | D:1      | Lost mutation: You have supernaturally acute eyesight.
                  | (SInv) [Xom's mischief]
  3152 | D:1      | Lost mutation: You have hidden genetic potential. [Xom's
                  | mischief]
  3554 | D:1      | XOM is BORED!
  3554 | D:1      | XOM: give mutations
  3554 | D:1      | Gained mutation: Your mind is very acute. (Int +8, Str/Dex
                  | -2) [Xom's mischief]
  3554 | D:1      | Lost mutation: Your muscles are strong. (Str +4, Int/Dex
                  | -1) [Xom's mischief]
  3731 | D:1      | XOM: stat loss: -1 Int (19/20)
  3965 | D:1      | XOM: torment (16/30 hp)
  4023 | D:1      | XOM: silly message
  4417 | D:1      | XOM: stat loss: -1 Str (7/8)
  4887 | D:1      | XOM: give mutations
  4887 | D:1      | Gained mutation: You have a pair of small antennae on your
                  | head. [Xom's mischief]
  4887 | D:1      | Gained mutation: Potions are less effective at restoring
                  | your health. [Xom's mischief]
  5143 | D:1      | XOM: silly message
  5397 | D:1      | XOM: cloud trail
  5427 | D:1      | XOM: noise
  6006 | D:2      | XOM: polymorph giant cockroach -> bombardier beetle
  6015 | D:2      | Reached XP level 4. HP: 25/35 MP: 0/0
  6326 | D:3      | Found a hazy altar of Hepliaklqana.
  6330 | D:3      | XOM: give mutations
  6330 | D:3      | Lost mutation: You are strong-willed. (Will+) [Xom's
                  | mischief]
  6330 | D:3      | Lost mutation: Your mind is very acute. (Int +8, Str/Dex
                  | -2) [Xom's mischief]
  6330 | D:3      | Gained mutation: You sometimes lose your temper in combat.
                  | [Xom's mischief]
  6330 | D:3      | Lost mutation: Your mind is acute. (Int +4, Str/Dex -1)
                  | [Xom's mischief]
  6688 | D:3      | XOM: god gift: 64 gold pieces
  7248 | D:1      | XOM: silly message
  7621 | D:1      | XOM: silly message
  7660 | D:1      | XOM: silly message
  8302 | D:1      | XOM: divination: detect creatures
  8928 | D:1      | XOM: god gift: scroll labelled LARUICOCRI {god gift}
  9693 | D:1      | XOM: cloud trail
  9776 | D:1      | XOM: summons 3 hostile demons
 10256 | D:1      | XOM is BORED!
 11998 | D:1      | XOM: god gift: scroll labelled WOPUSE ARUNEFF {god gift}
 12484 | D:1      | XOM: god gift: ring mail {god gift}
 12599 | D:1      | XOM: god gift: 31 gold pieces
 13249 | D:1      | XOM: god gift: 46 gold pieces
 13398 | D:1      | XOM: give mutations
 13398 | D:1      | Gained mutation: You are partially covered in iridescent
                  | scales. (AC +2) [Xom's grace]
 13398 | D:1      | Gained mutation: You have a somewhat thin skeletal
                  | structure. (Dex +2, Stealth+) [Xom's grace]
 13630 | D:4      | Noticed a black bear
 13639 | D:4      | Killed a black bear
 13640 | D:4      | Reached XP level 5. HP: 36/40 MP: 0/0
 13640 | D:4      | Learned a level 2 spell: Mercury Vapours
 13761 | D:4      | Reached XP level 6. HP: 20/46 MP: 0/0
 14260 | D:4      | XOM: 1-stop teleportation journey
 14428 | D:4      | Found a basalt altar of Yredelemnul.
 14434 | D:4      | Found a glowing golden altar of the Shining One.
 14436 | D:4      | Noticed an angel
 14705 | D:5      | Entered Level 5 of the Dungeon
 14705 | D:5      | Found a shimmering altar of Xom.
 14755 | D:5      | XOM: noise
 14763 | D:5      | XOM: summons friendly white imp
 14773 | D:5      | Reached XP level 7. HP: 46/52 MP: 0/0
 14773 | D:5      | Learned a level 3 spell: Call Canine Familiar
 14804 | D:5      | Found a blossoming altar of Fedhas.
 14846 | D:5      | Found a transporter.
 14868 | D:5      | Found Xuclomyi's Armour Boutique.
 14869 | D:5      | Noticed a water moccasin
 14882 | D:5      | Killed a water moccasin
 14914 | D:5      | Bought a +2 pair of gloves of dexterity for 258 gold pieces
 14915 | D:5      | XOM: enchant monster (good)
 14928 | D:5      | XOM: polymorph dart slug -> giant cockroach
 15044 | D:5      | Found a one-way gate to the infinite horrors of the Abyss.
 15044 | D:5      | Noticed Larett's ghost (amateur MiBe)
 15046 | D:5      | Found a transporter.
 15071 | D:5      | XOM: smoke on damage
 15074 | D:5      | Reached XP level 8. HP: 42/58 MP: 0/0
 15135 | D:5      | Noticed a small abomination
 15160 | D:5      | Found Gahout's Armour Emporium.
 15299 | D:5      | Noticed Eustachio
 15361 | D:5      | Killed Eustachio
 15762 | D:5      | Found Alianwi's Jewellery Emporium.
 15834 | D:5      | XOM: cloud trail
 15988 | D:5      | Slain by an ogre

Illustrated notes

Levels and vault maps discovered:
D:1:      dpeg_arrival_tiny_d, layout_rooms, hellmonk_ecumenical_altar_zigzags,
          nicolae_grassy_gnolls
D:2:      layout_rooms
D:3:      layout_rooms, mainiacjoe_overflow_small_starburst,
          nicolae_elevator_lobby_asterisk
D:4:      layout_loops_ring, grunt_temple_overflow_holy_war,
          mainiacjoe_overflow_alcove_1
D:5:      layout_basic, mainiacjoe_overflow_catwalk_spiral,
          gammafunk_ghost_abyssal_escape, serial_shops, nicolae_shop_crystal,
          kennysheep_mini_moat, nicolae_shop_scrapyard,
          hangedman_decor_opposing, minmay_holes,
          chequers_serial_rivers_large_a, dreamdust_mushroom_princess,
          corexii_corridor_pit, uniq_eustachio
D:6:      layout_rooms, hangedman_ru_absence, lightli_temple_of_fire,
          minmay_temple_entry_ruins, nicolae_shop_overcharged_wands,
          uniq_jeremiah

Skill      XL: |  1  2  3  4  5  6  7  8 |
---------------+-------------------------+-----
Spellcasting   | 1 2 3 4 |  4.0
Conjurations   | 1 2 3 4 |  4.0
Hexes          | 1 2 3 4 |  4.0
Summonings     | 1 2 3 4 |  4.0
Necromancy     | 1 2 3 4 |  4.0
Translocations | 1 2 3 4 |  4.0
Fire Magic     | 1 2 3 4 |  4.0
Ice Magic      | 1 2 3 4 |  4.0
Air Magic      | 1 2 3 4 |  4.0
Earth Magic    | 1 2 3 4 |  4.0
Alchemy        | 1 2 3 4 |  4.0
Long Blades    | 3 4 |  4.2
Armour         | 2 3 |  3.6
Dodging        | 3 4 |  4.5
Fighting       | 4 |  4.7

Action                     |  1- 3 |  4- 6 |  7- 9 || total
---------------------------+-------+-------+-------++-------
  Melee: Falchion          |    65 |    97 |   123 ||   285
         Punch             |     1 |       |     3 ||     4
    Use: Scroll            |       |     2 |     4 ||     6
   Stab: Sleeping          |       |     1 |     2 ||     3
         Distracted        |       |     2 |       ||     2
 Armour: Leather armour    |    32 |    56 |   129 ||   217
  Dodge: Dodged            |    60 |    61 |   145 ||   266

Table legend: (Time is in decaauts)
 A = Elapsed time spent in this place.
 B = Non-inter-level travel time spent in this place.
 C = Inter-level travel time spent in this place.
 D = Time resting spent in this place.
 E = Time spent auto-exploring this place.
 F = Levels seen in this place.
 G = Mean time per level.
                   A        B        C        D        E       F      G
               +--------+--------+--------+--------+--------+-----+--------+
         Total |  16068 |  15954 |    114 |  12882 |   2368 |   6 | 2678.0 |
       Dungeon |  16068 |  15954 |    114 |  12882 |   2368 |   6 | 2678.0 |
               +--------+--------+--------+--------+--------+-----+--------+

Top non-repeatable levels by time:
     D:1: 12373 daAuts
     D:5: 1315 daAuts
     D:4: 1189 daAuts
     D:2: 708 daAuts
     D:3: 469 daAuts
     D:6: 11 daAuts
